Map: Automaton LE

Players

LiquidMaNa (MaNa)

  • Race: Protoss Protoss
  • League: Grandmaster
  • Spawn Location: 9:00

Lambo - Winner!

  • Race: Zerg Zerg
  • League: Master
  • Spawn Location: 3:00

VOD

Have the link to the VOD?

Description

Time

  • Played on: Jan. 11, 2019, 8:39 a.m.
  • Length: 8:53
Show
View Real Time Build Order
Export as new Build Order

LiquidMaNa Protoss 

Build Orders: 1 Gate Expand, Oracle Opening, Archon Immortal, Archon Drop 

Get SALT Encoding   

  12  0:00  Probe  
  13  0:12  Probe  
  14  0:18  Pylon  
  14  0:24  Probe  
  15  0:32  Probe  
  15  0:39  Gateway  
  15  0:40  Probe  
  16  0:49  Assimilator  
  17  0:50  Probe  
  18  0:58  Probe  
  19  1:06  Probe  
  20  1:27  Nexus  
  20  1:36  Cybernetics Core  
  21  1:40  Probe  
  21  1:46  Assimilator  
  21  1:52  Probe  
  22  1:55  Pylon  
  22  2:04  Probe, Adept  
  25  2:16  Probe  
  25  2:20  Stargate  
  26  2:27  Warp Gate  
  26  2:28  Probe  
  27  2:34  Stalker  
  28  2:39  Probe  
  28  2:40  Probe  
  30  2:47  Probe  
  31  2:52  Probe  
  31  2:54  Oracle  
  31  2:55  Probe  
  32  3:04  Probe  
  37  3:12  Probe  
  38  3:16  Probe  
  39  3:23  Pylon  
  39  3:24  Probe  
  39  3:26  Assimilator  
  40  3:27  Assimilator  
  40  3:28  Probe  
  40  3:30  Oracle  
  44  3:36  Probe  
  44  3:39  Gateway  
  45  3:41  Probe  
  46  3:48  Robotics Facility  
  46  3:50  Probe  
  46  3:54  Probe  
  48  4:03  Probe  
  48  4:06  Probe  
  50  4:11  Twilight Council  
  50  4:12  Pylon  
  50  4:15  Probe  
  51  4:18  Pylon  
  51  4:20  Probe  
  52  4:26  Warp Prism  
  53  4:34  Gateway  
  53  4:35  Gateway  
  54  4:40  Charge  
  54  4:44  Probe x2  
  56  4:48  Templar Archives  
  56  4:59  Gateway  
  56  5:00  Gateway  
  56  5:07  Zealot x2  
  60  5:22  Pylon  
  50  5:37  High Templar x4  
  50  5:41  Archon x2  
  58  5:43  Gateway x2  
  58  5:44  Immortal  
  58  5:46  Probe x2  
  63  6:05  Pylon  
  63  6:11  Probe x2  
  65  6:14  Zealot x2  
  69  6:19  Immortal  
  74  6:27  Sentry x2  
  74  6:30  Pylon  
  77  6:35  Nexus  
  77  6:41  Pylon  
  77  6:44  Pylon  
  77  6:48  Immortal  
  77  6:50  Sentry  
  79  6:54  Zealot x3  
  89  7:07  Oracle  
  79  7:16  Stargate  
  79  7:17  Stargate  
  79  7:19  Probe x2  
  79  7:21  Assimilator  
  84  7:25  Assimilator  
  84  7:29  Immortal  
  88  7:31  Probe x2  
  88  7:35  Pylon  
  90  7:43  Fleet Beacon, Probe  
  91  7:57  Probe x3  
  94  8:09  Probe x3  
  97  8:14  High Templar  
  97  8:15  High Templar  
  97  8:19  Archon  
  101  8:22  Zealot x2  
  101  8:23  Zealot x4  
  98  8:44  Zealot x2  
  98  8:45  Zealot x2  
Show
View Real Time Build Order
Export as new Build Order

Lambo Zerg - Winner!

Build Orders: Hatch First 

Get SALT Encoding   

  12  0:01  Drone  
  13  0:12  Overlord  
  13  0:17  Drone  
  14  0:31  Drone x2  
  16  0:50  Hatchery  
  16  0:51  Drone  
  16  0:56  Drone  
  17  0:59  Drone  
  18  1:10  Extractor  
  17  1:15  Spawning Pool  
  17  1:18  Drone  
  17  1:21  Drone  
  18  1:28  Drone  
  19  1:40  Drone  
  20  1:51  Overlord  
  20  2:02  Queen x2, Zergling x2  
  20  2:03  Zergling x2  
  26  2:15  Drone x2, Metabolic Boost  
  28  2:23  Drone x2  
  30  2:33  Drone  
  31  2:41  Hatchery  
  31  2:43  Drone  
  31  2:45  Drone  
  31  2:49  Overlord  
  32  2:57  Queen  
  34  3:01  Drone x2  
  36  3:08  Drone x2  
  37  3:13  Drone x2  
  37  3:14  Drone  
  37  3:17  Drone x2  
  42  3:21  Overlord  
  42  3:23  Drone  
  43  3:28  Drone  
  43  3:29  Spore Crawler  
  43  3:30  Drone  
  44  3:39  Queen  
  44  3:41  Drone x2  
  48  3:46  Spore Crawler  
  48  3:47  Drone x3  
  50  3:50  Overlord  
  50  3:54  Drone  
  52  3:55  Drone  
  52  3:59  Drone  
  52  4:03  Drone  
  52  4:07  Spore Crawler  
  52  4:08  Overlord  
  54  4:12  Zergling x2  
  54  4:13  Zergling x4  
  54  4:14  Zergling x2  
  58  4:20  Queen  
  58  4:22  Overlord  
  58  4:24  Lair  
  58  4:27  Roach Warren  
  58  4:28  Zergling x2  
  58  4:29  Extractor  
  58  4:30  Extractor  
  56  4:33  Zergling x6  
  56  4:34  Drone  
  56  4:36  Overlord  
  59  4:40  Drone x2  
  59  4:42  Drone x2  
  59  4:44  Drone  
  63  4:54  Drone x3  
  63  4:56  Drone x3  
  63  4:58  Drone x3  
  72  5:01  Queen  
  74  5:07  Drone  
  74  5:08  Drone  
  74  5:11  Overlord  
  76  5:17  Overlord, Evolution Chamber  
  76  5:18  Drone  
  76  5:21  Overlord  
  76  5:29  Roach x4  
  76  5:34  Roach x2  
  82  5:37  Glial Reconstitution  
  82  5:41  Roach x5  
  90  5:46  Roach x2  
  90  5:49  Queen  
  94  5:52  Roach x2  
  99  6:02  Roach  
  101  6:04  Zerg Missile Weapons Level 1  
  101  6:06  Overlord, Extractor  
  101  6:09  Overlord  
  101  6:11  Overlord x2  
  100  6:17  Hydralisk Den  
  97  6:19  Overlord  
  97  6:20  Overlord  
  97  6:24  Overlord  
  94  6:26  Overlord  
  94  6:30  Drone x2  
  94  6:32  Drone  
  97  6:33  Extractor  
  97  6:39  Drone x5  
  101  6:43  Overseer  
  101  6:48  Overlord  
  101  6:49  Overlord  
  101  6:51  Roach x2  
  101  6:54  Grooved Spines  
  105  6:58  Roach x2  
  109  7:04  Hydralisk x3  
  115  7:11  Hydralisk x2  
  115  7:14  Hydralisk  
  121  7:18  Hydralisk  
  121  7:19  Hydralisk  
  121  7:22  Hydralisk  
  127  7:30  Hydralisk x2  
  127  7:31  Hydralisk  
  127  7:34  Hydralisk  
  127  7:35  Hydralisk  
  137  7:42  Hydralisk, Zergling x8  
  143  7:45  Ravager  
  143  7:48  Zergling x8  
  143  7:51  Zergling x4  
  148  7:54  Zergling x4  
  148  7:56  Ravager  
  148  7:57  Ravager  
  152  7:58  Zergling x2  
  152  8:01  Zergling x6  
  152  8:02  Zergling x2  
  152  8:03  Overlord  
  158  8:05  Zergling x2  
  158  8:07  Ravager  
  158  8:09  Zergling x2  
  158  8:12  Ravager  
  161  8:13  Overlord  
  161  8:14  Zergling x6  
  161  8:18  Zergling x4  
  167  8:20  Ravager  
  167  8:28  Zergling x14  
  170  8:35  Zergling x8  
Tags
 
Add a new tag
Caveats
  • Supply blocks, unpowered buildings, or Contaminate may cause inaccurate times.
  • Supply counts are checked every 10 seconds.